 Dungeon Crawl Stone Soup version bcrawl-1.12.2 (webtiles) character file.

Game seed: 805773690024824812

34 Ebbett the Ruffian (level 3, -3/32 HPs)
             Began as a Troll Transmuter on July 24, 2019.
             Killed by nerve-wracking pain
             ... invoked by an orc priest
              (10 damage)
             ... on level 2 of the Dungeon.
             The game lasted 00:03:51 (1078 turns).

Ebbett the Ruffian (Troll Transmuter)               Turns: 1078, Time: 00:03:52

Health: -3/32      AC:  5    Str: 19    XL:     3   Next: 14%
Magic:  2/5        EV: 10    Int: 10    God:
Gold:   125        SH:  0    Dex: 10    Spells: 5/6 levels left

rFire    . . .     SeeInvis .     - Unarmed
rCold    . . .     Gourm    +   (no shield)
rNeg     . . .     Faith    .   (armour unavailable)
rPois    .         Spirit   .   (helmet restricted)
rElec    .         Reflect  .   (no cloak)
rCorr    .         Harm     .   (gloves unavailable)
MR       .....                  (boots unavailable)
Stlth    +.........             (no amulet)
HPRegen  0.10/turn              (no ring)
MPRegen  0.09/turn              (no ring)

@: no status effects
A: large, almost no armour, unfitting armour, claws 3, fast metabolism 3,
gourmand, AC +5
a: no special abilities


You were on level 2 of the Dungeon.
You were hungry.

You visited 1 branch of the dungeon, and saw 2 of its levels.

You collected 125 gold pieces.

Inventory:

Missiles
 a - 262 arrows
Scrolls
 e - a scroll of blinking {unknown}
 g - a scroll of teleportation {unknown}
 i - a scroll of identify {unknown}
 j - 2 scrolls of amnesia {unknown}
Potions
 b - a potion of magic {unknown}
 c - a potion of lignification
 f - a potion of mutation {unknown}
 h - a potion of ambrosia {unknown}
Comestibles
 d - a ration {!d}


   Skills:
 + Level 0.7 Fighting
 + Level 1.8 Dodging
 + Level 3.6 Unarmed Combat
 + Level 2.0 Spellcasting
 + Level 1.4 Transmutations


You had 5 spell levels left.
You knew the following spells:

 Your Spells              Type           Power        Failure   Level  Hunger
a - Beastly Appendage     Tmut           #.....       17%         1    ##.....

Your spell library contained the following spells:

 Spells                   Type           Power        Failure   Level  Hunger
 Sticks to Snakes         Tmut           #.......     26%         2    ###....
 Spider Form              Tmut/Pois      #..          56%         3    ####...
 Ice Form                 Ice/Tmut       #.......     93%         4    #####..
 Blade Hands              Tmut           #.........   99%         5    ######.


Dungeon Overview and Level Annotations

Branches:
Dungeon (2/12)

Altars:


Innate Abilities, Weirdness & Mutations

You cannot wear most types of armour.
Your thick skin is tough. (AC +5)
You are too large for most types of armour.
You have claws for hands.
Your metabolism is lightning-fast.
You like to eat raw meat.


Message History

You kill the orc!
The bat barely misses you. The bat closely misses you.
The bat hits you but does no damage. The bat closely misses you.
The orc hits you but does no damage. The bat hits you but does no damage.
Things that are here:
a +0 flail; a cursed -1 scale mail; an orc corpse You barely miss the orc.
Your talons disappear.
The bat closely misses you. The orc hits you with a +0 hand axe!
* * * LOW HITPOINT WARNING * * *
You scratch the orc but do no damage. The bat hits you but does no damage.
The orc priest hits you but does no damage.
The orc closely misses you.
You claw the orc!
You kill the orc!
Your Spellcasting skill increases to level 2!
The bat hits you but does no damage.
The orc priest calls down the wrath of Beogh upon you.
Pain shoots through your body!
You die...

....#
#.######.......
....#
#....)....#####
....#
#######........
....#
....###.#.#...!
....#
.......†#.# ###
....# >......)#
. .. ....#
........####.##
....#
##.....ob......
....#
###...@).##.##
....
#...........
#######.....
..... .... ....
...


You could see an orc priest and a bat.

Vanquished Creatures
  2 oozes (D:1)
  2 dart slugs
  A leopard gecko (D:1)
  4 orcs (D:2)
  3 hobgoblins
  A bat (D:2)
  2 frilled lizards (D:1)
  2 kobolds
17 creatures vanquished.

Notes
Turn   | Place    | Note
-------+----------+-------------------------------------------
     0 | D:1      | Ebbett the Troll Transmuter began the quest for the Orb.
     0 | D:1      | Reached XP level 1. HP: 18/18 MP: 2/2
   198 | D:1      | Reached XP level 2. HP: 26/26 MP: 1/3
  1067 | D:2      | Reached XP level 3. HP: 19/32 MP: 1/4
  1078 | D:2      | Killed from afar by an orc priest

Skill      XL: |  1  2  3 |
---------------+----------+-----
Spellcasting   | 2 |  2.0
Fighting       | |  0.7
Dodging        | |  1.8
Unarmed Combat | |  3.6
Transmutations | |  1.4

Action                   || total
-------------------------++-------
Melee: Unarmed           ||    41
       Kick              ||     4
       Headbutt          ||     1
 Cast: Beastly Appendage ||     9
  Eat: Ration            ||     1
Armor: Skin              ||    19
Dodge: Dodged            ||    24
